 Dungeon Crawl Stone Soup version 0.31-a0-277-g31ea1f65cc (webtiles) character file.

Game seed: 1234229589729775457

100 lessens the Chopper (level 4, 0/33 HPs)
             Began as a Minotaur Conjurer on July 15, 2023.
             Slain by a gnoll
             ... wielding a +0 flail
              (10 damage)
             ... on level 4 of the Dungeon.
             The game lasted 00:04:56 (3117 turns).

lessens the Chopper (Minotaur Conjurer)             Turns: 3117, Time: 00:04:56

Health: 0/33       AC:  2    Str: 14    XL:     4   Next: 47%
Magic:  1/5        EV: 12    Int: 15    God:
Gold:   213        SH:  0    Dex:  8    Spells: 4/5 levels left

rFire   . . .        l - +0 hand axe
rCold   . . .        (no shield)
rNeg    . . .        a - +0 robe
rPois   .            (helmet restricted)
rElec   .            (no cloak)
rCorr   .            (no gloves)
SInv    .            (no boots)
Will    .....        (no amulet)
Stlth   +            (no ring)
HPRegen 0.25/turn    (no ring)
MPRegen 0.09/turn

%: no passive effects
@: no status effects
A: horns 2, retaliatory headbutt
a: no special abilities


You were on level 4 of the Dungeon.
You visited 1 branch of the dungeon, and saw 4 of its levels.

You collected 213 gold pieces.

Inventory:

Hand Weapons
 g - a +0 dagger
 l - a +0 hand axe (weapon)
Missiles
 d - 15 stones
Armour
 a - a +0 robe (worn)
 e - a +0 pair of gloves
 n - a +0 chain mail
 o - a +0 pair of gloves
 q - a +0 scale mail
Jewellery
 p - an amulet of magic regeneration
 r - a ring of willpower
 u - a ring of magical power
Wands
 x - a wand of charming (8)
Scrolls
 f - 3 scrolls of teleportation {unknown}
 i - a scroll of identify {unknown}
 j - a scroll of immolation
 m - a scroll of summoning {unknown}
 s - a scroll of noise {unknown}
 t - a scroll of fear {unknown}
 v - 2 scrolls of vulnerability {unknown}
 w - a scroll of revelation {unknown}
Potions
 b - a potion of magic
 c - 2 potions of curing {unknown}
 h - 2 potions of haste {unknown}
 k - a potion of lignification {unknown}


   Skills:
 + Level 5.1 Axes
 - Level 2.1 Dodging
 - Level 1.5 Stealth
 - Level 1.3 Spellcasting
 - Level 2.9 Conjurations


You had 4 spell levels left.
You knew the following spells:

 Your Spells              Type           Power      Damage    Failure   Level
a - Magic Dart            Conj           36%        1d4       7%          1

Your spell library contained the following spells:

 Spells                   Type           Power      Damage    Failure   Level
 Searing Ray              Conj           18%        2d5       11%         2
 Dazzling Flash           Conj/Hex       10%        N/A       36%         3
 Fulminant Prism          Conj/Hex       2%         3d5       77%         4
 Iskenderun's Mystic Bla  Conj/Tloc      5%         2d3       77%         4


Dungeon Overview and Level Annotations

Branches:
Dungeon (4/15) Zot: 20877
 Temple: D:4-7

Altars:
Ashenzari
Uskayaw
Zin

Annotations:
D:3 exclusion: door, Sigmund


Innate Abilities, Weirdness & Mutations

You have a pair of horns on your head.
You reflexively headbutt those who attack you in melee.


Message History

The gnoll hits you from afar with a +0 spear.
Aiming: Magic Dart (safe; 7% risk of failure)
Press: ? - help, Q - select action, (/) - cycle Shift-Dir - straight line, f/p - gnoll
Aim: a gnoll, wielding a +0 spear (lightly wounded, 100% to hit)
The magic dart hits the gnoll but does no damage.
The gnoll is lightly wounded.
The gnoll closely misses you.
A gnoll comes into view. It is wielding a +0 spear.
Aiming: Magic Dart (safe; 7% risk of failure)
Press: ? - help, Q - select action, (/) - cycle Shift-Dir - straight line, f/p - gnoll
Aim: a gnoll, wielding a +0 spear (lightly wounded, 100% to hit)
The magic dart hits the gnoll.
The gnoll is moderately wounded.
The gnoll shouts!
The gnoll hits you from afar with a +0 spear!
Aiming: Magic Dart (safe; 7% risk of failure)
Press: ? - help, Q - select action, (/) - cycle Shift-Dir - straight line, f/p - gnoll
Aim: a gnoll, wielding a +0 spear (moderately wounded, 100% to hit)
The magic dart hits the gnoll.
The gnoll is heavily wounded.
The gnoll closely misses you. The gnoll misses you.
You barely miss the gnoll.
The gnoll is heavily wounded.
The gnoll hits you with a +0 spear!
You hit the gnoll but do no damage.
The gnoll is heavily wounded.
The gnoll hits you with a +0 spear.
The gnoll hits you from afar with a +0 spear.
* * * LOW HITPOINT WARNING * * *
A gnoll comes into view. It is wielding a +0 flail.
Found a scroll labelled FISEON PUAG.
The gnoll shouts!
The gnoll hits you but does no damage.
You see here a storm talisman.
Found a scroll labelled HICWOOTAOTU.
Found an escape hatch in the floor.
You see here a wand of charming (8).
x - a wand of charming (8)
The gnoll hits you with a +0 flail!
You die...

###?.##.###.≈.....≈..#
#........##.≈.._..≈..#
##.........#.≈.....≈..#
..?.........(≈.≈≈≈.≈..#
#...#.....#.........)##
#....#...#.g≈≈≈≈≈≈≈.<..
#.....#.#g#..g.....†.##
#.>...g#g##.#g####†###
#.....@.##.###.###.#
#.#.###.#.# ##.##.# #
...# ##.#.# ##.#.#
##....#### #....#
#.†....... ###
#.#..######## #.## ....
###


You could see 4 gnolls.

Vanquished Creatures
  2 adders
  2 worms
  4 dart slugs
  7 orcs
  6 ball pythons
  3 bats
  2 endoplasms
  3 giant cockroaches
  7 goblins
  5 hobgoblins
  5 jackals
  2 kobolds (D:2)
  3 quokkas (D:3)
  A frilled lizard (D:2)
  3 rats
55 creatures vanquished.

Notes
Turn   | Place    | Note
-------+----------+-------------------------------------------
     0 | D:1      | lessens the Minotaur Conjurer began the quest for the Orb.
     0 | D:1      | Reached XP level 1. HP: 14/14 MP: 1/1
   138 | D:1      | Reached skill level 1 in Axes
   303 | D:1      | Reached skill level 2 in Axes
   303 | D:1      | Reached XP level 2. HP: 15/20 MP: 0/3
  1138 | D:1      | Reached skill level 3 in Axes
  1333 | D:2      | Reached XP level 3. HP: 23/26 MP: 0/4
  1596 | D:2      | Found a faded altar of an unknown god.
  1661 | D:2      | Reached skill level 4 in Axes
  1912 | D:2      | Found a hide-covered altar of Uskayaw.
  2464 | D:3      | Reached XP level 4. HP: 33/33 MP: 0/5
  2599 | D:3      | Noticed Sigmund
  2715 | D:3      | Found a broken altar of Ashenzari.
  3048 | D:4      | Found a glowing silver altar of Zin.
  3052 | D:4      | Reached skill level 5 in Axes
  3117 | D:4      | Slain by a gnoll

Illustrated notes

Levels and vault maps discovered:
D:1:      psy_arrival_radial01, layout_basic, dk_noncrumbling_3
D:2:      layout_loops_ring, basic_altar, hellmonk_ecumenical_altar_blasted
D:3:      layout_basic, mainiacjoe_overflow_small_starburst,
          nicolae_ashenzari_skybound, serial_shops, shop, serial_bayou_pond_b,
          minmay_crystal_room, hangedman_feature_mirror,
          small_statue_intersection, uniq_sigmund
D:4:      layout_loops_ring, mainiacjoe_overflow_cross_hatched,
          kennysheep_okawaru_gauntlet, minmay_misc_feat_rugged

Skill      XL: |  1  2  3  4 |
---------------+-------------+-----
Axes           | 2 3 4 5 |  5.1
Dodging        | |  2.1
Stealth        | |  1.5
Spellcasting   | |  1.3
Conjurations   | |  2.9

Action                     |  1- 3 |  4- 6 || total
---------------------------+-------+-------++-------
  Melee: Unarmed           |    23 |       ||    23
         Headbutt          |     9 |     3 ||    12
         Dagger            |    19 |       ||    19
         Hand axe          |    30 |    29 ||    59
         Punch             |       |     1 ||     1
   Cast: Magic Dart        |    57 |    22 ||    79
 Armour: Robe              |    12 |     2 ||    14
  Dodge: Dodged            |    52 |    24 ||    76

Table legend: (Time is in decaauts)
 A = Elapsed time spent in this place.
 B = Non-inter-level travel time spent in this place.
 C = Inter-level travel time spent in this place.
 D = Time resting spent in this place.
 E = Time spent auto-exploring this place.
 F = Levels seen in this place.
 G = Mean time per level.
                   A        B        C        D        E       F      G
               +--------+--------+--------+--------+--------+-----+--------+
         Total |   3121 |   2914 |    207 |     33 |   2417 |   4 |  780.2 |
       Dungeon |   3121 |   2914 |    207 |     33 |   2417 |   4 |  780.2 |
               +--------+--------+--------+--------+--------+-----+--------+

Top non-repeatable levels by time:
     D:1: 1178 daAuts
     D:2: 1012 daAuts
     D:3: 861 daAuts
     D:4: 69 daAuts

Levels and vault maps discovered:
D:1:      psy_arrival_radial01, layout_basic, dk_noncrumbling_3
D:2:      layout_loops_ring, basic_altar, hellmonk_ecumenical_altar_blasted
D:3:      layout_basic, mainiacjoe_overflow_small_starburst,
          nicolae_ashenzari_skybound, serial_shops, shop, serial_bayou_pond_b,
          minmay_crystal_room, hangedman_feature_mirror,
          small_statue_intersection, uniq_sigmund
D:4:      layout_loops_ring, mainiacjoe_overflow_cross_hatched,
          kennysheep_okawaru_gauntlet, minmay_misc_feat_rugged
